 Dungeon Crawl Stone Soup version 0.28-a0-535-g6f645e4c1d (webtiles) character file.

Game seed: 10901692333988844108

748175 Armakuni the Bringer of Light (level 27, -8/220 HPs)
             Began as a Human Monk on Sept 21, 2021.
             Was the Champion of the Shining One.
             Mangled by a seraph (53 damage)
             ... in Pandemonium on Sept 26, 2021.
             The game lasted 03:28:20 (58241 turns).

Armakuni the Bringer of Light (Human Monk)         Turns: 58241, Time: 03:28:20

Health: -8/220     AC: 32    Str: 29 (30) XL:     27
Magic:  48/48      EV: 20    Int: 19      God:    the Shining One [******]
Gold:   6585       SH:  0    Dex: 24      Spells: 16/28 levels left

rFire   + + +      SeeInvis .   a - +9 eudemon blade (holy)
rCold   + + .      Faith    +   Z - +0 kite shield of Vlad {Will++ Int+4}
rNeg    + + +      Spirit   .   E - +9 scales of the Dragon King {rPois rF+ rC+ Will+}
rPois   +          Reflect  .   (no helmet)
rElec   +          Harm     .   q - scarf {repulsion}
rCorr   +          Rampage  .   n - +2 pair of gloves {Str+3}
Will    +++++                   O - +1 pair of boots of Viny the Leaf {rElec rPois rF+}
Stlth   ..........              R - amulet of Burret {Faith Regen+ Dex+6}
HPRegen 1.46/turn               F - ring "Exozaare" {rF+ rC+ rCorr MP+9 Int+3}
MPRegen 0.31/turn               V - +6 ring of strength

@: confused, mighty, about to teleport, ambrosia-drunk, wereblooded, hasted,
glowing, studying 2 skills, repel missiles, very quick
A: fangs 1, deformed body, deterioration 2, evolution 1, MP-powered wands
}: 9/15 runes: decaying, serpentine, slimy, silver, demonic, glowing, magical,
fiery, dark
a: Renounce Religion, Divine Shield, Cleansing Flame, Summon Divine Warrior


You were in Pandemonium.
You worshipped the Shining One.
The Shining One was exalted by your worship.
You visited 10 branches of the dungeon, and saw 49 of its levels.
You visited Pandemonium 1 time, and saw 14 of its levels.
You also visited: Gauntlet.

You collected 9436 gold pieces.
You spent 2851 gold pieces at shops.

Inventory:

Hand Weapons
 a - a +9 eudemon blade of holy wrath (weapon)
 e - a +2 demon trident of electrocution
Missiles
 d - 11 curare-tipped darts
 l - 8 boomerangs (quivered)
 r - 2 throwing nets
 x - 20 boomerangs of dispersal
 z - 16 silver javelins
 Q - 16 javelins
Armour
 b - a +2 helmet of intelligence
 n - a +2 pair of gloves of strength (worn)
 q - a scarf of repulsion (worn)
 E - the +9 scales of the Dragon King (worn) {rPois rF+ rC+ Will+}
   (You found it on level 3 of the Elven Halls)

   rF:        It protects you from fire.
   rC:        It protects you from cold.
   rPois:     It protects you from poison.
   Will:      It increases your willpower.
 O - the +1 pair of boots of Viny the Leaf (worn) {rElec rPois rF+}
   (You found it on level 4 of the Swamp)

   rF:        It protects you from fire.
   rElec:     It insulates you from electricity.
   rPois:     It protects you from poison.
 Z - the +0 kite shield of Vlad (worn) {Will++ Int+4}
   (You bought it in a shop on level 2 of the Orcish Mines)

   Int:       It affects your intelligence (+4).
   Will:      It greatly increases your willpower.
Jewellery
 F - the ring "Exozaare" (left hand) {rF+ rC+ rCorr MP+9 Int+3}
   (You found it in a Gauntlet)

   [ring of protection from fire]

   Int:       It affects your intelligence (+3).
   rF:        It protects you from fire.
   rC:        It protects you from cold.
   MP:        It affects your magic capacity (+9).
   rCorr:     It protects you from acid and corrosion.
 L - a ring of flight
 R - the amulet of Burret (around neck) {Faith Regen+ Dex+6}
   (You took it off a deep elf sorcerer on level 3 of the Elven Halls)

   [amulet of faith]

   It allows you to gain divine favour quickly.
   Dex:       It affects your dexterity (+6).
   Regen:     It increases your rate of health regeneration.
 V - a +6 ring of strength (right hand)
Wands
 f - a wand of iceblast (23)
 h - a wand of charming (11)
 p - a wand of paralysis (60)
 P - a wand of digging (13)
Scrolls
 g - 3 scrolls of silence
 j - 29 scrolls of identify
 o - 15 scrolls of noise
 s - 5 scrolls of immolation
 y - 12 scrolls of fog
 D - 8 scrolls of teleportation
 G - 4 scrolls of magic mapping
 I - a scroll of holy word
 M - a scroll of enchant armour
 N - 5 scrolls of fear
 U - 4 scrolls of vulnerability
Potions
 c - 5 potions of cancellation
 k - a potion of might
 u - 14 potions of lignification
 v - 4 potions of heal wounds
 w - 19 potions of curing
 A - 2 potions of magic
 B - 2 potions of haste
 H - 5 potions of flight
 K - 2 potions of ambrosia
 T - 5 potions of resistance
Miscellaneous
 i - a box of beasts (inert)
 m - a phantom mirror
 t - a tin of tremorstones (inert)


   Skills:
 + Level 18.9 Fighting
 - Level 5.0(10.1) Short Blades
 - Level 13.6(14.0) Long Blades
 + Level 15.1 Throwing
 - Level 20.0 Armour
 - Level 20.0 Dodging
 - Level 2.0 Stealth
 - Level 19.1 Shields
 - Level 1.0 Spellcasting
 + Level 13.4 Transmutations
 - Level 24.5 Invocations
 - Level 7.9 Evocations


You had 16 spell levels left.
You knew the following spells:

 Your Spells              Type           Power      Damage    Failure   Level
a - Blink                 Tloc           N/A        N/A       96%         2
b - Passwall              Tmut/Erth      21%        N/A       19%         2
s - Statue Form           Tmut/Erth      17%        N/A       100%        6
w - Wereblood             Tmut           51%        N/A       1%          2

Your spell library contained the following spells:

 Spells                   Type           Power      Damage    Failure   Level
 Beastly Appendage        Tmut           100%       N/A       1%          1
 Blade Hands              Tmut           25%        N/A       22%         5
 Spider Form              Tmut/Pois      13%        N/A       36%         3
 Ignite Poison            Fire/Tmut/Pois 17%        N/A       67%         3
 Petrify                  Tmut/Erth      26%        N/A       77%         4
 Foxfire                  Conj/Fire      0%         2x1d4     89%         1
 Freeze                   Ice            0%         1d3       89%         1
 Magic Dart               Conj           0%         1d3       89%         1
 Pain                     Necr           0%         1d4       89%         1
 Shock                    Conj/Air       0%         1d3       89%         1
 Summon Small Mammal      Summ           0%         N/A       89%         1
 Corpse Rot               Necr/Air       N/A        N/A       96%         2
 Ensorcelled Hibernation  Hex/Ice        0%         N/A       96%         2
 Poisonous Vapours        Pois/Air       0%         N/A       96%         2
 Searing Ray              Conj           0%         2d4       96%         2
 Static Discharge         Conj/Air       0%         N/A       96%         2
 Sublimation of Blood     Necr           0%         N/A       96%         2
 Alistair's Intoxication  Tmut/Pois      17%        N/A       98%         5
 Irradiate                Conj/Tmut      13%        3d18      98%         5
 Yara's Violent Unravell  Hex/Tmut       13%        3d7       98%         5
 Call Canine Familiar     Summ           0%         N/A       99%         3
 Conjure Flame            Conj/Fire      0%         6-21      99%         3
 Dazzling Flash           Conj/Hex       0%         N/A       99%         3
 Frozen Ramparts          Ice            0%         1d2       99%         3
 Gell's Gravitas          Tloc           0%         N/A       99%         3
 Inner Flame              Hex/Fire       0%         N/A       99%         3
 Lesser Beckoning         Tloc           0%         N/A       99%         3
 Portal Projectile        Hex/Tloc       0%         N/A       99%         3
 Stone Arrow              Conj/Erth      0%         3d7       99%         3
 Summon Guardian Golem    Hex/Summ       0%         N/A       99%         3
 Swiftness                Air            0%         N/A       99%         3
 Teleport Other           Tloc           0%         N/A       99%         3
 Tukima's Dance           Hex            0%         N/A       99%         3
 Airstrike                Air            0%         N/A       100%        4
 Animate Armour           Summ/Erth      0%         N/A       100%        4
 Animate Dead             Necr           0%         N/A       100%        4
 Cause Fear               Hex            0%         N/A       100%        4
 Dispel Undead            Necr           0%         3d6       100%        4
 Flame Wave               Conj/Fire      0%         3d3       100%        4
 Fulminant Prism          Conj/Hex       0%         3d6       100%        4
 Hailstorm                Conj/Ice       0%         3d3       100%        4
 Iskenderun's Mystic Bla  Conj/Tloc      0%         2d3       100%        4
 Leda's Liquefaction      Hex/Erth       0%         N/A       100%        4
 Olgreb's Toxic Radiance  Pois           0%         N/A       100%        4
 Passage of Golubria      Tloc           N/A        N/A       100%        4
 Sticky Flame             Conj/Fire      0%         2d3       100%        4
 Summon Ice Beast         Ice/Summ       0%         N/A       100%        4
 Summon Lightning Spire   Summ/Air       0%         N/A       100%        4
 Agony                    Necr           0%         N/A       100%        5
 Borgnjor's Vile Clutch   Necr/Erth      0%         N/A       100%        5
 Excruciating Wounds      Necr           0%         N/A       100%        5
 Freezing Cloud           Conj/Ice/Air   0%         6-21      100%        5
 Lee's Rapid Deconstruct  Erth           0%         3d5*      100%        5
 Lightning Bolt           Conj/Air       0%         1d11      100%        5
 Manifold Assault         Tloc           0%         N/A       100%        5
 Metabolic Englaciation   Hex/Ice        0%         N/A       100%        5
 Silence                  Hex/Air        0%         N/A       100%        5
 Summon Forest            Summ/Tloc      0%         N/A       100%        5
 Summon Mana Viper        Hex/Summ       0%         N/A       100%        5
 Conjure Ball Lightning   Conj/Air       0%         3x3d6     100%        6
 Death Channel            Necr           0%         N/A       100%        6
 Eringya's Noxious Bog    Tmut/Pois      13%        N/A       100%        6
 Invisibility             Hex            0%         N/A       100%        6
 Simulacrum               Ice/Necr       0%         N/A       100%        6
 Starburst                Conj/Fire      0%         6d3       100%        6
 Dragon Form              Tmut           25%        N/A       100%        7
 Haunt                    Necr/Summ      0%         N/A       100%        7
 Monstrous Menagerie      Summ           0%         N/A       100%        7
 Ozocubu's Refrigeration  Ice            0%         4d5       100%        7
 Summon Hydra             Summ           0%         N/A       100%        7
 Discord                  Hex            0%         N/A       100%        8
 Ignition                 Fire           0%         3d3       100%        8
 Infestation              Necr           0%         N/A       100%        8
 Lehudib's Crystal Spear  Conj/Erth      0%         10d2      100%        8
 Maxwell's Capacitive Co  Air            0%         ∞         100%        8
 Chain Lightning          Conj/Air       0%         N/A       100%        9
 Polar Vortex             Ice            0%         N/A       100%        9


Dungeon Overview and Level Annotations

Branches:
Dungeon (15/15)            Temple (1/1) D:5            Lair (6/6) D:10
  Swamp (4/4) Lair:2        Snake (4/4) Lair:3        Slime (5/5) Lair:6
    Orc (2/2) D:12            Elf (3/3) Orc:2        Vaults (5/5) D:14
  Crypt (0/3) Vaults:2     Depths (4/4) D:15            Zot (0/5) Depths:4
Gauntlet (visited)

Altars:
Ashenzari
Cheibriados
Dithmenos
Elyvilon
Fedhas
Gozag
Hepliaklqana
Kikubaaqudgha
Makhleb
Nemelex Xobeh
Okawaru
Qazlal
Ru
Sif Muna
Trog
Uskayaw
Vehumet
Wu Jian
Xom
Yredelemnul
Zin
The Shining One
Beogh
Lugonu

Shops:
D:3 [   D:4 (   D:8 [   D:9 [   D:10 ([(:   D:11 [   D:12 ?   Orc:2 !*[(
Elf:1 *   Elf:2 [:   Elf:3 [   Snake:1 !*   Vaults:2 [   Vaults:3 =
Depths:3 ==:

Portals:
Hell: Depths:1 Depths:2 Depths:3
Abyss: Lair:6 Depths:1 Depths:2 Depths:3 Depths:4
Pandemonium: Depths:1 Depths:2
Ziggurat: Depths:1
Trove: D:14 (give +6 demon trident)

Annotations:
Elf:2 exclusion: 3 doors


Innate Abilities, Weirdness & Mutations

You have very sharp teeth.
Armour fits poorly on your strangely shaped body.
Your body often deteriorates upon taking damage.
You have hidden genetic potential.
You expend magic power (3 MP) to strengthen your wands.


Message History

You hit the angel but do no damage.
The angel is moderately wounded.
The angel no longer looks unusually strong.
You block the angel's attack. The angel hits you but does no damage.
Your scales of the Dragon King prevents you from hitting the angel.
The angel is moderately wounded.
The seraph hits you from afar with a +6 glaive of flaming!!
Your body deteriorates!
You feel weakened. The seraph burns you.
The seraph hits you from afar with a +6 glaive of flaming!!
You closely miss the angel. You bite the angel, but do no damage.
The angel is moderately wounded.
You block the angel's attack. x2
The seraph shouts a warning to its allies!
You closely miss the angel. You bite the angel, but do no damage.
The angel is moderately wounded.
The angel no longer looks unusually strong.
You block the angel's attack. x2
You carve the angel like a ham!!! You bite the angel, but do no damage.
The angel is moderately wounded.
The seraph hits you from afar with a +6 glaive of flaming!!!
* * * LOW HITPOINT WARNING * * *
The seraph burns you.
* * * LOW HITPOINT WARNING * * *
You block the seraph's attack.
As you read the scroll of teleportation, it crumbles to dust.
You feel strangely unstable. You block the angel's attack.
The angel closely misses you. You block the seraph's attack.
The seraph hits you from afar with a +6 glaive of flaming!!
* * * LOW HITPOINT WARNING * * *
The cherub sings a powerful hymn!
The angels go into a battle-frenzy!
You feel much better. You block the angel's attack. x2
The seraph shouts a warning to its allies!
You are confused.
You feel invigorated.
Your divine shield fades away.
The angel hits you but does no damage. The angel closely misses you.
The seraph hits you from afar with a +6 glaive of flaming!!!
You die...

###........####.#
##..#÷.###....#..#
#....#######....##
...####..####..###
...# ##..####...#
#### ##........#
### ####...#..##
..#####:...#######
....##..#.AAAAAA@#
.....A...#########
........##
.......).###
.####......##
##..#.......##
##..#........##
.'###.........#
..##....##....#


You could see a seraph (strong, catching breath), 3 angels and 2 cherubim.

Vanquished Creatures
  the Royal Jelly (Slime:5)
  Gloorx Vloq (Pan)
  Lom Lobon (Pan)
  2 dread liches (Vaults:5)
  An ancient lich (Vaults:5)
  A juggernaut (Depths:3)
  Mennas (Pan)
  Mara (Swamp:4)
  the Lernaean hydra (Swamp:4)
  Vashnia (Snake:2)
  4 pandemonium lords (Pan)
  2 caustic shrikes (Depths:3)
  4 golden dragons
  A pearl dragon (Pan)
  2 bone dragons (Depths:4)
  3 Tzitzimimeh (Pan)
  The ghost of Yxioh the Severer, an adept DsDe of Okawaru (Vaults:1)
  4 tentacled monstrosities
  5 Brimstone Fiends (Pan)
  An Ice Fiend (Pan)
  4 Hell Sentinels (Pan)
  Jorgrun (Snake:2)
  4 liches
  8 titans
  A deep elf blademaster (Elf:3)
  Asterion (Vaults:2)
  3 quicksilver dragons
  The ghost of PanSaczeczos the Gelid, an adept MfIE of Hepliaklqana (Vaults:2)
  A deep elf master archer (Elf:3)
  17 acid blobs
  4 sphinxes
  A thorn hunter (Swamp:3)
  Kirke (D:15)
  Agnes (Snake:2)
  17 Executioners (Pan)
  7 tengu reavers
  3 shadow dragons
  8 azure jellies
  2 walking crystal tomes (Depths:3)
  2 walking earthen tomes
  9 fire giants
  A draconian monk (Depths:4)
  4 storm dragons
  2 nagarajas (Snake:4)
  9 rockslimes
  A fenstrider witch (Swamp:3)
  12 deep elf sorcerers
  8 frost giants
  11 daevas (Pan)
  Roxanne (D:14)
  Louise (Depths:4)
  7 deep elf elementalists
  11 vault wardens
  9 cacodemons (Pan)
  5 orc warlords
  3 iron dragons (Depths:3)
  A curse skull (Pan)
  6 ghost moths (Pan)
  7 warmongers (Pan)
  The ghost of Piutsennur the Stormcaller, an adept TeAE of Ru (Elf:1)
  20 angels (Pan)
  Aizul (Vaults:1)
  5 ghouls (Swamp:3)
  11 quicksilver oozes
  13 balrugs
  2 corrupters (Pan)
  19 ironbound preservers
  10 ophanim (Pan)
  4 spriggan defenders
  3 war gargoyles
  11 stone giants
  7 reapers
  6 vampire knights
  2 caustic shrike skeletons
  A blood saint (Pan)
  21 very ugly things
  5 black suns (Pan)
  A red draconian (Depths:4)
  8 deep elf demonologists
  17 dire elephants
  23 apis (Pan)
  A black draconian (Depths:4)
  2 entropy weavers
  10 lorocyprocas (Pan)
  3 spark wasps
  14 deep elf annihilators
  6 bunyips
  A purple draconian (Depths:4)
  A white draconian (Depths:4)
  4 yellow draconians (Depths:4)
  An eidolon (Vaults:2)
  12 blizzard demons
  5 eleionomae
  6 green deaths (Pan)
  6 ettins
  6 fire dragons
  A merfolk javelineer (Depths:1)
  5 deep elf death magi
  2 deep elf high priests
  12 great orbs of eyes
  3 ironbound thunderhulks
  4 monstrous demonspawn (Pan)
  16 yaktaur captains
  2 jiangshi (Depths:2)
  5 ice dragons
  Josephine (Orc:1)
  Fannar (Orc:1)
  2 peacekeepers (Vaults:4)
  31 vault guards
  13 naga warriors
  22 hydras
  4 hell beasts
  6 rakshasas
  5 boulder beetles
  2 ogre magi
  10 ironbound frosthearts
  A ghost crab (Swamp:3)
  A catoblepas (D:15)
  3 spriggan air magi
  18 centaur warriors
  6 anacondas
  10 alligators
  4 salamander tyrants
  15 dancing weapons
  6 deep troll earth magi
  A fenstrider witch skeleton (Pan)
  2 deep troll shamans (Depths:1)
  7 orc high priests
  8 two-headed ogres
  10 death yaks
  2 spriggan berserkers
  7 tengu warriors
  2 thrashing horrors (Lair:6)
  11 shock serpents
  3 vampire magi (Depths:2)
  6 spriggans
  17 naga sharpshooters
  6 soul eaters
  Urug (Lair:1)
  12 deep elf knights
  Sonja (D:12)
  33 sun demons
  14 hell knights
  2 iron trolls
  4 skeletal warriors
  5 shadow demons (Pan)
  7 cherubim (Pan)
  7 shadow wraiths (Pan)
  12 sixfirhies (Pan)
  5 infernal demonspawn
  5 salamander mystics
  2 torturous demonspawn (Pan)
  43 deep trolls
  A sea snake (Snake:3)
  3 spriggan druids
  4 goliath frogs
  3 gelid demonspawn
  10 bog bodies
  6 glowing orange brains
  16 ironbound convokers
  3 obsidian statues
  5 naga ritualists
  A bunyip skeleton (Pan)
  12 necromancers
  15 deep elf archers
  9 swamp dragons
  Pikel (D:7)
  13 orc knights
  8 phantasmal warriors
  22 deep elf pyromancers
  11 wizards
  A wolf spider zombie (D:15)
  5 lindwurms
  A wolf spider (Vaults:5)
  12 mana vipers
  22 deep elf zephyrmancers
  40 ugly things
  A fire giant zombie (Depths:1)
  9 orc sorcerers
  3 oklob plants (Lair:6)
  18 salamanders
  4 manticores
  A shining eye (Slime:1)
  9 elephants
  4 will-o-the-wisps
  A salamander (shapeshifter) (Elf:1)
  A manticore (shapeshifter) (Depths:2)
  22 large abominations
  4 cyclopes
  3 rust devils
  16 vault sentinels
  A black mamba (shapeshifter) (Vaults:5)
  38 black mambas
  2 fire giant skeletons (Depths:1)
  11 naga magi
  Joseph (D:8)
  7 guardian serpents
  6 orange demons (Pan)
  23 smoke demons
  A spriggan zombie (Depths:1)
  2 eyes of devastation (shapeshifter)
  A centaur skeleton (Pan)
  A spriggan skeleton (Pan)
  2 hellions (Pan)
  Psyche (D:8)
  14 cane toads
  8 efreet
  A rime drake (Lair:1)
  9 komodo dragons
  An unseen horror (D:12)
  3 tengu conjurers (Depths:1)
  3 freezing wraiths
  A tormentor (Pan)
  7 demonic crawlers (Pan)
  50 yaktaurs
  23 hellwings (Pan)
  4 red devils
  A kobold demonologist (D:11)
  2 ancient zymes (Lair:6)
  An ice devil (Depths:1)
  A minotaur skeleton (Pan)
  2 trolls (shapeshifter) (Vaults:5)
  6 trolls
  A jumping spider (shapeshifter) (D:13)
  A jumping spider (Vaults:1)
  A wind drake (shapeshifter) (Vaults:4)
  2 bloated husks (Swamp:2)
  3 polar bears
  A harpy zombie (D:15)
  10 hornets
  A slime creature (shapeshifter) (Vaults:4)
  15 tyrant leeches
  A hornet (shapeshifter) (D:14)
  Prince Ribbit (D:7)
  49 slime creatures
  A wolf spider simulacrum (D:15)
  5 dream sheep (Lair:5)
  19 blink frogs
  An ettin skeleton (Pan)
  Sigmund (D:4)
  4 air elementals
  5 wyverns
  3 redbacks (Vaults:1)
  2 shadows
  7 water elementals
  39 yaks
  17 ynoxinuls
  An ice dragon skeleton (Pan)
  19 humans (D:14)
  7 wraiths
  9 small abominations (Lair:6)
  2 hogs (shapeshifter) (Lair:6)
  7 vampire mosquitoes
  10 golden eyes
  A hog (D:15)
  21 neqoxecs (Pan)
  3 steam dragons
  2 fire elementals (Elf:1)
  6 basilisks
  10 chaos spawn
  Menkaure (D:7)
  11 swamp worms
  35 nagas
  3 wargs
  An acid dragon (D:9)
  A floating eye (shapeshifter) (Vaults:5)
  9 water moccasins
  A human skeleton (Depths:1)
  A naga skeleton (Pan)
  3 sky beasts
  8 swamp drakes
  40 orc warriors
  3 ice beasts
  3 necrophages
  4 black bears
  11 ogres
  3 wolves (Lair:5)
  4 boggarts (Vaults:3)
  12 centaurs
  A lemure (D:7)
  7 kobold brigands
  13 bullfrogs
  4 earth elementals
  A wyvern zombie (D:8)
  A gnoll sergeant (D:11)
  A water moccasin zombie (D:6)
  4 scorpions
  15 killer bees
  14 wights
  5 electric eels
  5 howler monkeys
  A tengu skeleton (Depths:1)
  A bullfrog zombie (D:7)
  8 centaur zombies
  A hound (D:4)
  16 orc priests
  Crazy Yiuf (D:4)
  A jelly (D:5)
  2 gnoll shamans
  3 iguanas
  2 bullfrog skeletons (D:5)
  11 hell rats
  23 orc wizards
  A centaur simulacrum (D:9)
  Robin (D:3)
  14 adders
  15 gnolls
  2 ufetubi
  A worm (D:2)
  3 dart slugs
  70 orcs
  3 ball pythons
  4 bats
  8 endoplasms
  4 giant cockroaches
  15 goblins
  8 hobgoblins
  4 jackals
  5 quokkas
  4 frilled lizards
  29 kobolds
  5 rats
  4 ball lightnings (Pan)
  4 fire vortices (Pan)
2289 creatures vanquished.

Vanquished Creatures (collateral kills)
  Mnoleg (Pan)
  A tentacled monstrosity (Pan)
  An Executioner (Pan)
  An eldritch tentacle (Pan)
  A daeva (Pan)
  5 cacodemons (Pan)
  A vault warden (Vaults:2)
  An angel (Pan)
  An apis (Pan)
  A minotaur (Gauntlet)
  A dire elephant (Vaults:2)
  A blizzard demon (Pan)
  A crystal guardian (Vaults:4)
  A great orb of eyes (Pan)
  A yaktaur captain (Vaults:3)
  3 vault guards
  An alligator (Swamp:1)
  A centaur warrior (Vaults:3)
  A deep troll earth mage (Vaults:4)
  2 sun demons (Pan)
  2 torturous demonspawn (Pan)
  2 infernal demonspawn (Pan)
  An orc knight (Vaults:2)
  An ugly thing (Pan)
  A shining eye (Pan)
  2 komodo dragons (Lair:3)
  2 slime creatures (Vaults:2)
  A large abomination (Pan)
  A ynoxinul (Pan)
  2 golden eyes (Pan)
  A chaos spawn (Pan)
  A neqoxec (Pan)
  A water moccasin (Lair:3)
  A hell rat (Lair:3)
46 creatures vanquished.

Vanquished Creatures (others)
  A pandemonium lord (Pan)
  2 ironbound preservers (Vaults:5)
  A very ugly thing (Depths:2)
  A spriggan berserker (Swamp:3)
  A naga sharpshooter (Snake:4)
  A goliath frog (Swamp:3)
  A glowing orange brain (Pan)
  A mana viper (Snake:4)
  A deep elf zephyrmancer (Elf:2)
  A black mamba (shapeshifter) (Vaults:5)
  A naga mage (D:15)
  An orange demon (Depths:1)
  A hellion (Pan)
  2 humans (D:15)
  A chaos spawn (Pan)
  A neqoxec (Pan)
  A large abomination (Pan)
  2 ball lightnings (Pan)
  2 fire vortices (Pan)
  2 foxfires (Swamp:3)
  36 fungi
  98 plants
  5 toadstools (Swamp:3)
164 creatures vanquished.

Grand Total: 2499 creatures vanquished

Notes
Turn   | Place    | Note
-------+----------+-------------------------------------------
     0 | D:1      | Armakuni the Human Monk began the quest for the Orb.
     0 | D:1      | Reached XP level 1. HP: 18/18 MP: 1/1
   271 | D:1      | Found a faded altar of an unknown god.
   276 | D:1      | Reached XP level 2. HP: 24/24 MP: 2/2
   568 | D:1      | Reached XP level 3. HP: 29/29 MP: 3/3
  1112 | D:2      | Reached XP level 4. HP: 37/37 MP: 4/4
  1745 | D:3      | Found Nakkocw's Antique Armour Shoppe.
  2050 | D:3      | Reached XP level 5. HP: 43/43 MP: 5/5
  2558 | D:3      | Reached XP level 6. HP: 57/57 MP: 6/6
  2697 | D:3      | Noticed Robin
  2753 | D:3      | Killed Robin
  3276 | D:3      | Bought a smoking chain mail for 218 gold pieces
  3276 | D:3      | Identified the +8 chain mail of the Catamount {rElec rPois
                  | rF+ Str+6} (You bought it in a shop on level 3 of the
                  | Dungeon)
  3304 | D:4      | Reached skill level 5 in Short Blades
  3304 | D:4      | Reached XP level 7. HP: 58/63 MP: 7/7
  3414 | D:4      | Found Mueboed's Antique Weapon Emporium.
  3485 | D:4      | Found an iron altar of Okawaru.
  3534 | D:4      | Reached skill level 1 in Evocations
  3545 | D:4      | Found a runed translucent door.
  3546 | D:4      | Noticed Crazy Yiuf
  3553 | D:4      | Killed Crazy Yiuf
  3928 | D:4      | Noticed Sigmund
  3971 | D:4      | Killed Sigmund
  3972 | D:4      | Reached XP level 8. HP: 58/69 MP: 8/8
  4030 | D:4      | Found a burning altar of Makhleb.
  4160 | D:5      | Entered Level 5 of the Dungeon
  4333 | D:5      | Found a staircase to the Ecumenical Temple.
  4362 | Temple   | Entered the Ecumenical Temple
  4409 | Temple   | Became a worshipper of the Shining One
  4409 | Temple   | Reached * piety under the Shining One
  4409 | Temple   | Reached ** piety under the Shining One
  4929 | D:5      | Found a bloodstained altar of Trog.
  5672 | D:6      | Reached XP level 9. HP: 75/75 MP: 9/9
  5676 | D:6      | Found a white marble altar of Elyvilon.
  5715 | D:6      | Identified the +9 plate armour "Sit Ucu" {Dex+2 SInv}
  6269 | D:6      | Identified the +5 quarterstaff of the Shoals {vorpal, rN+}
  6360 | D:6      | Identified the +7 buckler of Good Intentions {Rampage rF-
                  | rC+ Str+2}
  6664 | D:4      | Bought a bloodstained long sword for 161 gold pieces
  6664 | D:4      | Identified the +10 long sword "Ixou" {vorpal, rPois rN+
                  | Str-2 Stlth+} (You bought it in a shop on level 4 of the
                  | Dungeon)
  6908 | D:7      | Noticed Menkaure
  6913 | D:7      | Reached skill level 1 in Long Blades
  6913 | D:7      | Reached skill level 1 in Shields
  6916 | D:7      | Killed Menkaure
  6922 | D:7      | Reached XP level 10. HP: 81/81 MP: 10/10
  7028 | D:7      | Noticed Pikel
  7036 | D:7      | Killed Pikel
  7209 | D:7      | Noticed Prince Ribbit
  7216 | D:7      | Killed Prince Ribbit
  7304 | D:8      | Reached *** piety under the Shining One
  7360 | D:8      | Noticed Joseph
  7369 | D:8      | Killed Joseph
  7428 | D:8      | Reached skill level 5 in Long Blades
  7444 | D:8      | Noticed a six-headed hydra
  7467 | D:8      | HP: 1/81 [six-headed hydra (6)]
  7672 | D:8      | Reached **** piety under the Shining One
  7813 | D:8      | Noticed Psyche
  7824 | D:8      | Killed Psyche
  7829 | D:8      | Killed a six-headed hydra
  7830 | D:8      | Reached XP level 11. HP: 87/87 MP: 11/11
  8265 | D:8      | Found Plog's Armour Shop.
  8539 | D:9      | Reached skill level 5 in Evocations
  8700 | D:9      | Noticed a two-headed ogre
  8704 | D:9      | Killed a two-headed ogre
  8763 | D:9      | Noticed a two-headed ogre
  8771 | D:9      | Killed a two-headed ogre
  9024 | D:9      | Noticed an eight-headed hydra
  9026 | D:9      | Noticed an eight-headed hydra
  9034 | D:9      | Noticed a two-headed ogre
  9036 | D:9      | Killed an eight-headed hydra
  9111 | D:9      | Identified the +6 quick blade of Precise Incision {flame,
                  | rN+ rCorr Str+2 Dex-5}
  9111 | D:9      | Identified the amulet "Waklolofiv" {RegenMP Will+++ rCorr
                  | Dex-2}
  9111 | D:9      | Noticed a skeletal warrior
  9113 | D:10     | Entered Level 10 of the Dungeon
  9389 | D:10     | Found Manlaodo's Book Boutique.
  9389 | D:10     | Noticed a two-headed ogre
  9403 | D:10     | Killed a two-headed ogre
  9404 | D:10     | Reached skill level 2 in Invocations
  9551 | D:10     | Found Pymaxuc's Antique Weapon Emporium.
  9620 | D:10     | Reached skill level 3 in Invocations
  9636 | D:10     | Noticed a boulder beetle
  9656 | D:10     | Found Heeca's Armour Emporium.
  9721 | D:9      | Noticed a two-headed ogre
  9722 | D:9      | Killed a two-headed ogre
  9723 | D:9      | Reached skill level 4 in Invocations
  9723 | D:9      | Reached XP level 12. HP: 43/94 MP: 13/15
  9727 | D:9      | Killed a two-headed ogre
  9731 | D:9      | Reached skill level 5 in Invocations
 10146 | D:9      | Identified the amulet of Democracy {Spirit Rampage rPois
                  | Slay+3}
 10175 | D:9      | Identified the +6 scale mail of Compassion {Rampage Str+2}
 10178 | D:9      | Reached skill level 10 in Long Blades
 10278 | D:9      | Noticed a boulder beetle
 10304 | D:9      | Killed a boulder beetle
 10347 | D:9      | Found Dokaa's Antique Armour Emporium.
 10355 | D:9      | Bought a pair of translucent boots for 275 gold pieces
 10355 | D:9      | Identified the +0 pair of boots of Inquiry {-Cast rC+ Will+
                  | Stlth+} (You bought it in a shop on level 9 of the Dungeon)
 10439 | D:9      | Noticed a boulder beetle
 10456 | D:9      | Killed a boulder beetle
 10754 | D:9      | Killed an eight-headed hydra
 10997 | D:9      | Killed a skeletal warrior
 11167 | D:10     | Found Cuzxeof's Antique Armour Emporium.
 11246 | D:10     | Found Minn's Antique Weapon Emporium.
 11333 | D:10     | Killed a boulder beetle
 11605 | D:10     | Noticed a two-headed ogre
 11614 | D:10     | Killed a two-headed ogre
 11615 | D:10     | Reached skill level 6 in Invocations
 11644 | D:10     | Found a staircase to the Lair.
 11651 | Lair:1   | Entered Level 1 of the Lair of Beasts
 11828 | Lair:1   | Reached XP level 13. HP: 83/99 MP: 17/17
 12014 | Lair:1   | Noticed Urug
 12029 | Lair:1   | Killed Urug
 12030 | Lair:1   | Reached skill level 7 in Invocations
 12891 | Lair:2   | Reached skill level 8 in Invocations
 12925 | Lair:2   | Found a staircase to the Swamp.
 13253 | Lair:3   | Identified the +0 chain mail of Erghirr {Will+}
 13359 | Lair:3   | Found a gate leading to a gauntlet.
 13367 | Gauntlet | Entered a Gauntlet
 13367 | Gauntlet | Found a transporter.
 13367 | Gauntlet | Found a runed translucent door.
 13367 | Gauntlet | Found a transporter.
 13375 | Gauntlet | Found a transporter.
 13379 | Gauntlet | Found a transporter.
 13388 | Gauntlet | Found a transporter.
 13391 | Gauntlet | Found a transporter.
 13398 | Gauntlet | Found a runed translucent door.
 13401 | Gauntlet | Found a transporter.
 13416 | Gauntlet | Found a transporter.
 13420 | Gauntlet | Reached ***** piety under the Shining One
 13434 | Gauntlet | Found a transporter.
 13434 | Gauntlet | Found a transporter.
 13440 | Gauntlet | Found a runed translucent door.
 13440 | Gauntlet | Found a runed translucent door.
 13444 | Gauntlet | Found a transporter.
 13448 | Gauntlet | Found a transporter.
 13450 | Gauntlet | Found a runed translucent door.
 13536 | Gauntlet | Identified the ring "Exozaare" {rF+ rC+ rCorr MP+9 Int+3}
 13648 | Gauntlet | Noticed a minotaur
 13653 | Gauntlet | Killed a minotaur
 13654 | Gauntlet | Reached skill level 9 in Invocations
 13729 | Lair:3   | Found a staircase to the Snake Pit.
 14386 | Lair:4   | Reached skill level 10 in Invocations
 14586 | Lair:4   | Reached XP level 14. HP: 103/106 MP: 22/22
 15011 | Lair:4   | Reached skill level 11 in Invocations
 15513 | Lair:5   | Reached skill level 12 in Invocations
 15644 | Lair:5   | Reached skill level 10 in Fighting
 15968 | Lair:6   | Entered Level 6 of the Lair of Beasts
 16458 | Lair:6   | Reached ****** piety under the Shining One
 16599 | Lair:6   | Reached skill level 10 in Dodging
 16599 | Lair:6   | Reached XP level 15. HP: 89/115 MP: 18/24
 16622 | Lair:6   | Reached skill level 10 in Armour
 16630 | Lair:6   | Reached skill level 1 in Throwing
 16706 | Lair:6   | Found a corrupted altar of Lugonu.
 16706 | Lair:6   | Found a one-way gate to the infinite horrors of the Abyss.
 17127 | Lair:6   | Found a staircase to the Slime Pits.
 17386 | D:10     | Bought a scarf of resistance for 544 gold pieces
 17408 | D:11     | Reached skill level 5 in Throwing
 17966 | D:11     | Found Suebuut's Antique Armour Shoppe.
 18204 | D:12     | Found Ascha's Magic Scroll Shoppe.
 18234 | D:12     | Bought a scroll of teleportation for 45 gold pieces
 18234 | D:12     | Bought a scroll of teleportation for 45 gold pieces
 18614 | D:12     | Found a staircase to the Orcish Mines.
 18635 | D:12     | Noticed Sonja
 18644 | D:12     | Killed Sonja
 18932 | Orc:1    | Entered Level 1 of the Orcish Mines
 18932 | Orc:1    | Noticed Josephine
 18938 | Orc:1    | Killed Josephine
 18989 | Orc:1    | Found a burning altar of Makhleb.
 19112 | Orc:1    | Noticed Fannar
 19119 | Orc:1    | Killed Fannar
 19610 | Orc:2    | Entered Level 2 of the Orcish Mines
 19810 | Orc:2    | Found a staircase to the Elven Halls.
 19832 | Orc:2    | Reached skill level 10 in Throwing
 19858 | Orc:2    | Reached XP level 16. HP: 77/122 MP: 25/25
 20009 | Orc:2    | Found Ogreb's Distillery.
 20009 | Orc:2    | Found Sujomoud's Antique Weapon Shoppe.
 20019 | Orc:2    | Found Beplem's Assorted Antiques.
 20019 | Orc:2    | Found Bowkon's Armour Shoppe.
 20029 | Orc:2    | Bought a viscous brown potion for 21 gold pieces
 20029 | Orc:2    | Bought a viscous brown potion for 21 gold pieces
 20034 | Orc:2    | Bought the +0 kite shield of Vlad {Will++ Int+4} for 339
                  | gold pieces
 20036 | Orc:2    | Bought a pair of runed boots for 180 gold pieces
 20434 | Snake:1  | Entered Level 1 of the Snake Pit
 20584 | Snake:1  | Found Vapha's Distillery.
 20597 | Snake:1  | Found Telosen's Assorted Antiques.
 20599 | Snake:1  | Bought a potion of heal wounds for 80 gold pieces
 20622 | Snake:1  | Reached skill level 5 in Shields
 22346 | Snake:2  | Reached skill level 10 in Shields
 22459 | Snake:2  | Noticed Jorgrun
 22475 | Snake:2  | Killed Jorgrun
 22558 | Snake:2  | Noticed Vashnia
 22609 | Snake:2  | Killed Vashnia
 22646 | Snake:2  | Noticed Agnes
 22657 | Snake:2  | Killed Agnes
 22658 | Snake:2  | Reached XP level 17. HP: 128/128 MP: 26/26
 24030 | Snake:3  | Identified the +8 shortbow "Rossauxt" {flame, +Blink rCorr
                  | Dex-5}
 24368 | Snake:4  | Entered Level 4 of the Snake Pit
 24847 | Snake:4  | Reached skill level 15 in Shields
 24850 | Snake:4  | Reached skill level 13 in Invocations
 25073 | Snake:4  | Reached XP level 18. HP: 134/134 MP: 27/27
 25390 | Snake:4  | Got a serpentine rune of Zot
 26045 | Swamp:1  | Entered Level 1 of the Swamp
 26264 | Swamp:1  | Found a blossoming altar of Fedhas.
 27590 | Swamp:1  | Identified the +1 scale mail of Getahioh {*Corrode MP-9
                  | Str+3 Dex+10}
 27955 | Swamp:3  | Reached skill level 14 in Invocations
 28308 | Swamp:4  | Entered Level 4 of the Swamp
 28392 | Swamp:4  | Reached XP level 19. HP: 121/144 MP: 29/29
 28821 | Swamp:4  | Noticed Mara
 28835 | Swamp:4  | Noticed Armakuni's illusion
 28844 | Swamp:4  | Killed Mara
 29007 | Swamp:4  | Noticed the 27-headed Lernaean hydra
 29023 | Swamp:4  | Killed the 20-headed Lernaean hydra
 29101 | Swamp:4  | Got a decaying rune of Zot
 29125 | Swamp:4  | Identified the +1 pair of boots of Viny the Leaf {rElec
                  | rPois rF+}
 30354 | D:14     | Noticed Roxanne
 30419 | D:14     | Killed Roxanne
 30690 | D:14     | Found a gate to the Vaults.
 30734 | Vaults:1 | Entered Level 1 of the Vaults
 30916 | D:14     | Found a blossoming altar of Fedhas.
 30966 | D:14     | Found a portal to a secret trove of treasure.
 31146 | D:15     | Entered Level 15 of the Dungeon
 31439 | D:15     | Reached skill level 15 in Invocations
 31482 | D:15     | Found a staircase to the Depths.
 31620 | D:15     | Noticed Kirke
 31633 | D:15     | Killed Kirke
 31711 | D:15     | Reached XP level 20. HP: 154/154 MP: 31/31
 31932 | D:15     | Identified the +1 ring mail of Kindness {Rampage rN+++ MP+9
                  | Slay-4}
 32308 | Depths:1 | Entered Level 1 of the Depths
 32308 | Depths:1 | Found a broken altar of Ashenzari.
 32619 | Depths:1 | Upgraded the game from 0.28-a0-511-gcc94558de3 to
                  | 0.28-a0-519-gbfeecf2fc5
 32962 | Depths:1 | Found a gateway to a ziggurat.
 32994 | Depths:1 | Identified the +0 chain mail of Eneasa {rF+}
 33022 | Depths:1 | Found a one-way gate leading to the halls of Pandemonium.
 33267 | Depths:1 | Learned a level 6 spell: Statue Form
 33486 | Depths:1 | Found a shimmering blue altar of Sif Muna.
 33735 | Depths:1 | Found a gateway to Hell.
 34208 | Depths:2 | Reached XP level 21. HP: 130/163 MP: 32/32
 34688 | Depths:2 | Found a corrupted altar of Lugonu.
 34733 | Depths:2 | Learned a level 2 spell: Blink
 34736 | Depths:2 | Learned a level 2 spell: Passwall
 35214 | Depths:2 | Identified the ring "Ejiup" {*Slow rC+ MP+9 Int+4}
 35348 | Depths:2 | Identified a +8 eudemon blade of holy wrath (a +6 demon
                  | blade blessed by the Shining One)
 35348 | Depths:2 | Received a gift from the Shining One
 35705 | Depths:2 | Identified the ring of Olysmecobb {Fire Fly rElec}
 35822 | Depths:3 | Got Riratek's Grimoire of Aerial Dark Rituals
 35978 | Depths:3 | Reached skill level 15 in Throwing
 36513 | Depths:3 | Found Guesumown's Jewellery Boutique.
 36514 | Depths:3 | Found Duleggob's Book Shoppe.
 36515 | Depths:3 | Found Ukoliw's Jewellery Boutique.
 36730 | Depths:3 | Noticed a juggernaut
 36745 | Depths:3 | Reached XP level 22. HP: 149/173 MP: 33/33
 36762 | Depths:3 | Killed a juggernaut
 36766 | Depths:3 | Reached skill level 15 in Armour
 36766 | Depths:3 | Reached skill level 15 in Dodging
 36776 | Depths:3 | Found the +8 glaive of the Guard {elec, spectral, AC+5}
 36776 | Depths:3 | You fall into a shaft and drop 1 floor!
 36776 | Depths:4 | Entered Level 4 of the Depths
 36855 | Depths:4 | Noticed Louise
 36870 | Depths:4 | Killed Louise
 37204 | Depths:3 | Identified the +2 leather armour of Fior {rPois Str+4}
 37387 | Depths:4 | Found a gate to the Realm of Zot.
 37883 | Depths:4 | Got the Handbook of Congealing Clay
 37938 | Depths:4 | Found a hide-covered altar of Uskayaw.
 38341 | Vaults:1 | Found a runed translucent door.
 38444 | Vaults:1 | Noticed Yxioh's ghost (adept DsDe)
 38968 | Vaults:1 | Identified the +0 robe of Pessimism {Rampage Regen+ Str+2
                  | Int+4}
 39033 | Vaults:1 | You fall into a shaft and drop 1 floor!
 39193 | Vaults:2 | Found Ijuw's Armour Boutique.
 39596 | Vaults:2 | Reached XP level 23. HP: 116/180 MP: 34/34
 39769 | Vaults:2 | Noticed Asterion
 39780 | Vaults:2 | Killed Asterion
 40130 | Vaults:2 | Found a runed translucent gate.
 40130 | Vaults:2 | Found a runed translucent gate.
 40131 | Vaults:2 | Found a runed translucent gate.
 40133 | Vaults:2 | Noticed PanSaczeczos's ghost (adept MfIE)
 40148 | Vaults:2 | Identified the +2 chain mail of the Forest {Str+3}
 40195 | Vaults:2 | Was placed under penance by the Shining One
 40197 | Vaults:2 | Killed PanSaczeczos's ghost
 40234 | Vaults:2 | Identified the +1 hat of Liph {*Slow rN+ Slay+5}
 40263 | Vaults:2 | Found a staircase to the Crypt.
 40997 | Vaults:1 | Noticed Aizul
 41006 | Vaults:1 | Identified the +2 robe "Futoun" {Int+4}
 41018 | Vaults:1 | Killed Aizul
 41406 | Vaults:1 | Killed Yxioh's ghost
 42570 | Vaults:3 | Identified the +11 trident "Keoxug" {pain, Int+3 Dex+2}
 42766 | Vaults:3 | Found Obleibb's Jewellery Shop.
 43153 | Vaults:4 | Reached XP level 24. HP: 115/187 MP: 34/34
 43293 | Vaults:4 | Was forgiven by the Shining One
 44502 | Vaults:5 | Entered Level 5 of the Vaults
 44510 | Vaults:5 | Noticed a dread lich
 44526 | Vaults:5 | HP: 9/187 [cloud of flame (2)]
 44529 | Vaults:5 | Killed a dread lich
 44882 | Vaults:5 | Noticed an ancient lich
 44910 | Vaults:4 | Reached skill level 15 in Fighting
 44983 | Vaults:5 | Killed an ancient lich
 44984 | Vaults:5 | Reached XP level 25. HP: 72/195 MP: 19/34
 45398 | Vaults:5 | Noticed a dread lich
 45412 | Vaults:5 | Killed a dread lich
 45413 | Vaults:5 | Reached skill level 16 in Invocations
 45560 | Vaults:5 | Identified the +1 chain mail "Gufaqal" {*Slow Str+6}
 45991 | Vaults:5 | Identified the +2 great mace "Orolor" {vorpal, *Noise rF+++
                  | Int-3 Dex+5}
 46086 | Vaults:5 | Got a silver rune of Zot
 47108 | Elf:1    | Entered Level 1 of the Elven Halls
 47129 | Elf:1    | Found a radiant altar of Vehumet.
 47384 | Elf:1    | Reached skill level 17 in Invocations
 47706 | Elf:1    | Paralysed by an air elemental for 1 turns
 47849 | Elf:1    | Found Wen Boc's Assorted Antiques.
 47852 | Elf:1    | Bought a smouldering chain mail for 285 gold pieces
 47852 | Elf:1    | Identified the +4 chain mail of Instinct {rPois rF+ Int+4}
                  | (You bought it in a shop on level 1 of the Elven Halls)
 47852 | Elf:1    | Bought a scroll of blinking for 225 gold pieces
 47852 | Elf:1    | Bought a scroll of fear for 105 gold pieces
 47983 | Elf:2    | Noticed Piutsennur's ghost (adept TeAE)
 47983 | Elf:2    | Found a runed translucent gate.
 47983 | Elf:2    | Found a runed translucent gate.
 47983 | Elf:2    | Found an opulent altar of Gozag.
 47983 | Elf:2    | Found a runed translucent gate.
 48021 | Elf:2    | Found Kauril's Assorted Antiques.
 48028 | Elf:2    | Paralysed by an air elemental for 1 turns
 48072 | Elf:1    | Killed Piutsennur's ghost
 48289 | Elf:2    | Found Hychia's Book Emporium.
 48346 | Elf:2    | Found Lamieh's Antique Armour Boutique.
 48383 | Elf:2    | Got the Handbook of Supportive Confrontation
 48578 | Elf:2    | Found a runed translucent gate.
 48579 | Elf:2    | Found a runed translucent gate.
 48579 | Elf:2    | Found a runed translucent gate.
 48753 | Elf:3    | Entered Level 3 of the Elven Halls
 48814 | Elf:3    | Found Fucycrus's Antique Armour Shop.
 48822 | Elf:3    | Bought a pair of embroidered gloves for 307 gold pieces
 48921 | Elf:3    | Reached XP level 26. HP: 202/209 MP: 35/35
 49287 | Elf:3    | Reached skill level 18 in Invocations
 49594 | Elf:3    | Identified the amulet of Burret {Faith Regen+ Dex+6}
 49674 | Elf:3    | Found the +9 scales of the Dragon King {rPois rF+ rC+
                  | Will+}
 49703 | Elf:3    | Identified the +5 long sword "Sarhughi" {speed, rCorr
                  | Int+4}
 49733 | Elf:3    | Identified the +10 dagger of the Smoking Madman {elec, rN++
                  | Str+2 Stlth+}
 50277 | Slime:1  | Entered Level 1 of the Pits of Slime
 50528 | Slime:5  | Entered Level 5 of the Pits of Slime
 50565 | Slime:5  | Noticed the Royal Jelly
 50602 | Slime:5  | Killed the Royal Jelly
 51012 | Slime:5  | Got the Grimoire of Atheism
 51016 | Slime:5  | Identified the quicksilver dragon scales "Icsesoun" {rElec
                  | rPois Will+ Stlth+}
 51017 | Slime:5  | Identified the +6 hunting sling "Beetleslayer" {venom,
                  | rPois}
 51058 | Slime:5  | Got a slimy rune of Zot
 51085 | Slime:5  | Identified the +9 morningstar "Sugiom" {pain, Dex+3}
 51118 | Slime:5  | Learned a level 2 spell: Wereblood
 51138 | Slime:5  | Identified the amulet "Nyphuu" {rN+ Regen+}
 51505 | Pan      | Entered Pandemonium
 51530 | Pan      | Reached skill level 1 in Transmutations
 51539 | Pan      | Reached skill level 1 in Spellcasting
 51604 | Pan      | Noticed Mennas
 51642 | Pan      | Killed Mennas
 51793 | Pan      | Noticed Qafo the pandemonium lord
 51796 | Pan      | Identified the +4 dire flail "Fadine" {vorpal, rElec rC-
                  | rCorr Int+9}
 51817 | Pan      | Killed Qafo the pandemonium lord
 51826 | Pan      | Reached skill level 5 in Transmutations
 51834 | Pan      | Reached XP level 27. HP: 203/218 MP: 32/36
 51974 | Pan      | Gained mutation: You are dopey. (Int -2) [a cacodemon]
 52187 | Pan      | Found a huge runed translucent gate.
 52189 | Pan      | Found a huge runed translucent gate.
 52190 | Pan      | Found a huge runed translucent gate.
 52190 | Pan      | Found a huge runed translucent gate.
 52190 | Pan      | Found a huge runed translucent gate.
 52190 | Pan      | Found a huge runed translucent gate.
 52190 | Pan      | Found a huge runed translucent gate.
 52195 | Pan      | Gained mutation: You have hidden genetic defects. [a
                  | cacodemon]
 52236 | Pan      | Gained mutation: You occasionally shout uncontrollably at
                  | your foes. [a neqoxec]
 52237 | Pan      | Noticed Ywkutt the pandemonium lord
 52237 | Pan      | Gained mutation: You are clumsy. (Dex -2) [a neqoxec]
 52244 | Pan      | Killed Ywkutt the pandemonium lord
 52254 | Pan      | Entered the realm of Cerebov.
 52383 | Pan      | Found the +6 sword of Cerebov {flame}
 52383 | Pan      | Noticed Cerebov
 52643 | Pan      | Identified the +11 battleaxe "Qyagives" {vorpal, +Blink
                  | rCorr Int-2}
 52689 | Pan      | Identified the +7 halberd "Beetlebane" {antimagic, rN+}
 52691 | Pan      | Gained mutation: You do not regenerate when monsters are
                  | visible. [hidden defects]
 52692 | Pan      | Lost mutation: You do not regenerate when monsters are
                  | visible. [potion of mutation]
 52692 | Pan      | Lost mutation: You occasionally shout uncontrollably at
                  | your foes. [potion of mutation]
 52692 | Pan      | Lost mutation: You are dopey. (Int -2) [potion of mutation]
 52692 | Pan      | Gained mutation: You have supernaturally acute eyesight.
                  | (SInv) [potion of mutation]
 52692 | Pan      | Gained mutation: You are dopey. (Int -2) [potion of
                  | mutation]
 52692 | Pan      | Gained mutation: You are frail. (-10% HP) [potion of
                  | mutation]
 52692 | Pan      | Gained mutation: Your flesh is heat resistant. (rF+)
                  | [potion of mutation]
 52693 | Pan      | Lost mutation: You are clumsy. (Dex -2) [potion of
                  | mutation]
 52693 | Pan      | Lost mutation: You are frail. (-10% HP) [potion of
                  | mutation]
 52693 | Pan      | Gained mutation: You are weak. (Str -2) [potion of
                  | mutation]
 52693 | Pan      | Gained mutation: You have a pair of small horns on your
                  | head. [potion of mutation]
 52694 | Pan      | Lost mutation: You have supernaturally acute eyesight.
                  | (SInv) [potion of mutation]
 52694 | Pan      | Lost mutation: You have a pair of small horns on your head.
                  | [potion of mutation]
 52694 | Pan      | Lost mutation: Your flesh is heat resistant. (rF+) [potion
                  | of mutation]
 52694 | Pan      | Gained mutation: You are partially covered in iridescent
                  | scales. (AC +2) [potion of mutation]
 52695 | Pan      | Lost mutation: You are partially covered in iridescent
                  | scales. (AC +2) [potion of mutation]
 52695 | Pan      | Lost mutation: You are weak. (Str -2) [potion of mutation]
 52695 | Pan      | Gained mutation: You have large cloven feet. [potion of
                  | mutation]
 52695 | Pan      | Gained mutation: You are agile. (Dex +2) [potion of
                  | mutation]
 52696 | Pan      | Lost mutation: You are agile. (Dex +2) [potion of mutation]
 52696 | Pan      | Lost mutation: You have hidden genetic defects. [potion of
                  | mutation]
 52696 | Pan      | Lost mutation: You have large cloven feet. [potion of
                  | mutation]
 52696 | Pan      | Gained mutation: You have hidden genetic potential. [potion
                  | of mutation]
 52696 | Pan      | Gained mutation: Your spells are a little harder to cast,
                  | but a little more powerful. [potion of mutation]
 52701 | Pan      | Identified the +1 dagger "Biar" {freeze, Will- Str+4 Int+6
                  | Stlth+}
 52705 | Pan      | Identified the +1 dagger "Tafecatz" {vorpal, *Noise rElec
                  | rN+}
 52814 | Pan      | Got Sif Muna's Guide on Mutagenic Lightness
 52820 | Pan      | Identified the +6 spear of Waupeb {flame, Will+ SInv
                  | Stlth+}
 52838 | Pan      | Got a fiery rune of Zot
 52867 | Pan      | Reached skill level 10 in Transmutations
 53002 | Pan      | Found the +6 sword of Cerebov {flame}
 53002 | Pan      | Noticed Cerebov
 53101 | Pan      | Found an exit through the horrors of the Abyss.
 53103 | Pan      | Gained mutation: You tend to lose your temper in combat. [a
                  | cacodemon]
 53184 | Pan      | Identified the +8 scythe "Qyatil" {drain, *Noise *Slow
                  | rElec Dex+9}
 53216 | Pan      | Noticed Ypheukh the pandemonium lord
 53232 | Pan      | Killed Ypheukh the pandemonium lord
 53334 | Pan      | Reached skill level 19 in Invocations
 53461 | Pan      | Entered the realm of Mnoleg.
 53474 | Pan      | Gained mutation: You are weak. (Str -2) [a neqoxec]
 53512 | Pan      | Identified the +0 tower shield "Curamax" {Str+4}
 53545 | Pan      | Gained mutation: You have sharp toenails. [a neqoxec]
 53560 | Pan      | Noticed Mnoleg
 53572 | Pan      | Gained mutation: You have very sharp teeth. [a neqoxec]
 53573 | Pan      | Killed Mnoleg
 53592 | Pan      | Got a glowing rune of Zot
 53602 | Pan      | Gained mutation: Your magical capacity is low. (-10% MP) [a
                  | neqoxec]
 53629 | Pan      | Entered the realm of Gloorx Vloq.
 53661 | Pan      | Reached skill level 20 in Invocations
 53690 | Pan      | Found an exit through the horrors of the Abyss.
 53888 | Pan      | Noticed Gloorx Vloq
 53917 | Pan      | Killed Gloorx Vloq
 53918 | Pan      | Reached skill level 21 in Invocations
 54044 | Pan      | Got a dark rune of Zot
 54172 | Pan      | Entered the realm of Lom Lobon.
 54174 | Pan      | Upgraded the game from 0.28-a0-519-gbfeecf2fc5 to
                  | 0.28-a0-533-g9f97627e2a
 54249 | Pan      | Reached skill level 22 in Invocations
 54336 | Pan      | Noticed Lom Lobon
 54364 | Pan      | Killed Lom Lobon
 54373 | Pan      | Got a magical rune of Zot
 54786 | Pan      | Noticed Muskomow the pandemonium lord
 54800 | Pan      | Killed Muskomow the pandemonium lord
 54833 | Pan      | Got a demonic rune of Zot
 54850 | Pan      | Reached skill level 23 in Invocations
 54914 | Pan      | Found the +6 sword of Cerebov {flame}
 54914 | Pan      | Noticed Cerebov
 54925 | Pan      | Found a runed translucent door.
 55172 | Pan      | Gained mutation: Your body sometimes deteriorates upon
                  | taking damage. [a neqoxec]
 55174 | Pan      | Gained mutation: Your body often deteriorates upon taking
                  | damage. [a neqoxec]
 55265 | Pan      | Noticed Niquded the pandemonium lord
 55281 | Pan      | Killed Niquded the pandemonium lord
 55282 | Pan      | Reached skill level 24 in Invocations
 55293 | Pan      | Identified the +0 robe "Hidwashe" {Harm rCorr Slay+5}
 55305 | Pan      | Gained mutation: Armour fits poorly on your strangely
                  | shaped body. [a neqoxec]
 55368 | Pan      | Gained mutation: You often lose your temper in combat. [a
                  | neqoxec]
 55774 | Pan      | Upgraded the game from 0.28-a0-533-g9f97627e2a to
                  | 0.28-a0-535-g6f645e4c1d
 55873 | Pan      | Lost mutation: You are weak. (Str -2) [potion of mutation]
 55873 | Pan      | Lost mutation: You often lose your temper in combat.
                  | [potion of mutation]
 55873 | Pan      | Gained mutation: You are robust. (+10% HP) [potion of
                  | mutation]
 55873 | Pan      | Gained mutation: You expend magic power (3 MP) to
                  | strengthen your wands. [potion of mutation]
 55874 | Pan      | Lost mutation: Your spells are a little harder to cast, but
                  | a little more powerful. [potion of mutation]
 55874 | Pan      | Lost mutation: You expend magic power (3 MP) to strengthen
                  | your wands. [potion of mutation]
 55874 | Pan      | Lost mutation: You have sharp toenails. [potion of
                  | mutation]
 55874 | Pan      | Gained mutation: You expend magic power (3 MP) to
                  | strengthen your wands. [potion of mutation]
 55874 | Pan      | Lost mutation: You expend magic power (3 MP) to strengthen
                  | your wands. [potion of mutation]
 55875 | Pan      | Lost mutation: Your magical capacity is low. (-10% MP)
                  | [potion of mutation]
 55875 | Pan      | Lost mutation: You are robust. (+10% HP) [potion of
                  | mutation]
 55875 | Pan      | Lost mutation: You are dopey. (Int -2) [potion of mutation]
 55875 | Pan      | Gained mutation: You expend magic power (3 MP) to
                  | strengthen your wands. [potion of mutation]
 56383 | Pan      | Identified the +7 tower shield of Past Mistakes {rElec}
 56642 | Pan      | Found a glowing silver altar of Zin.
 56874 | Pan      | Identified the +3 plate armour of the Sun {Harm}
 57010 | Pan      | Found a white marble altar of Elyvilon.
 57068 | Pan      | Lost mutation: You tend to lose your temper in combat.
                  | [hidden potential]
 57920 | Pan      | Noticed a seraph
 58241 | Pan      | Mangled by a seraph

Illustrated notes

Levels and vault maps discovered:
D:1:      matt_arrival_grand_opening, layout_rooms, basic_ecumenical_altar
D:2:      layout_basic, minivault_23, st_stairs_5
D:3:      layout_loops_corners, serial_shops, shop_coins,
          mrwooster_statue_mirror, solitary_fountain, grunt_ministairs_1,
          serial_park_tiny_1, uniq_robin
D:4:      layout_loops_ring, mainiacjoe_overflow_alcove_2,
          makhleb_blood_cavern_becter, serial_shops, shop, minivault_24,
          item_on_display_a, uniq_crazy_yiuf_cottage, uniq_sigmund
D:5:      layout_basic, kennysheep_mini_moat, temple_pool_b
D:6:      minmay_diamond_boxcup, layout_basic, mainiacjoe_overflow_chevrons,
          serial_glass, glass_columns_a, glass_columns_a, st_stairs_14
D:7:      layout_basic, serial_glass, glass_columns_a, glass_columns_a,
          glass_columns_c, glass_columns_b, minmay_unpleasant_kobolds,
          uniq_pikel, uniq_prince_ribbit1, uniq_menkaure
D:8:      layout_rooms, serial_shops, nicolae_shop_crystal, serial_bayou_pond_d,
          kennysheep_generic_room_3, uniq_joseph, uniq_psyche
D:9:      minmay_the_grid_3x2 [minmay_the_grid_garden,
          minmay_the_grid_broken_lines, minmay_the_grid_spikes,
          minmay_the_grid_outer_circle, minmay_the_grid_dragon_b,
          minmay_the_grid_prize_trominoes], layout_small_grid, serial_shops,
          nicolae_shop_trees
D:10:     layout_small_grid, grunt_lair_entry_orc_guard_hut, serial_shops, shop,
          shop, shop, shop, shop_statue, serial_park_tiny_pond,
          kennysheep_opposing_triangles
D:11:     layout_roguey, serial_shops, nicolae_stop_n_shop_2
D:12:     layout_basic, orc_0_dummy, serial_shops, nicolae_shop_waterfront,
          uniq_sonja
D:13:     layout_irregular_city
D:14:     layout_loops_ring, grunt_vaults_entry_tiered, fedhas_altar_2,
          nicolae_trove_entry_columns, kennysheep_generic_room_14, uniq_roxanne
D:15:     grunt_enter_depths_magical_seal, layout_basic, uniq_kirke
Temple:   dpeg_five_rooms_temple
Lair:1:   layout_small_grid, grunt_forest_small_clearings,
          infiniplex_staircase_pool, uniq_urug
Lair:2:   layout_small_grid, swamp_mist
Lair:3:   layout_small_grid, dummy_snake_entry, gauntlet_entry_generic,
          minivault_23, beast_lair_carwin_3, grunt_megastairs_4
Lair:4:   layout_cellular_growth, serial_bayou_pond_e
Lair:5:   layout_hall_layers, lemuel_fruit_tree, infiniplex_staircase_pool_2,
          grunt_megastairs_3
Lair:6:   hellmonk_lair_end_abyssal_woods, layout_loops_ring,
          minmay_slime_entry_oklob_enclosed, grunt_megastairs_5
Swamp:1:  layout_basic_swamp, lemuel_altar_in_water
Swamp:2:  layout_falls_marsh, serial_swamp_ruin, evilmike_swamp_ruin_rubble_1,
          evilmike_swamp_ruin_house_1, evilmike_swamp_ruin_house_6
Swamp:3:  cheibrodos_swamp_tower_of_moss, layout_basic_swamp,
          evilmike_swamp_ruin_house_5
Swamp:4:  grunt_swamp_rune_castle, layout_basic_swamp, swamp_pool1, uniq_mara
Snake:1:  layout_chambers, serial_bayou_lagoon_a, st_stairs_8,
          grunt_ministairs_11, nicolae_snake_shapes, minmay_shoptagon
Snake:2:  layout_concentric_octagons, uniq_vashnia, uniq_jorgrun, uniq_agnes
Snake:3:  layout_gridlike, serial_bayou_shore_a, serial_bayou_shore_b,
          grunt_megastairs_1
Snake:4:  hellmonk_snake_rune_quicksilver_temple, layout_grid_shapes
Slime:1:  layout_caves
Slime:2:  layout_caves
Slime:3:  layout_caves
Slime:4:  layout_caves
Slime:5
Orc:1:    layout_caves, basic_altar, elf_legates, uniq_josephine, uniq_fannar
Orc:2:    grunt_orc_tribal_feast, layout_caves
Elf:1:    eino_elf_arrival_altar, layout_loops_cross, serial_shops,
          nicolae_shop_behind_doors, hangedman_elf_represent,
          minmay_checkered_concentric_circles
Elf:2:    nicolae_elf_blades_crystal_corner, layout_rooms, serial_shops, shop,
          ebering_ghost_gozag, nicolae_take_the_stairs
Elf:3:    minmay_elf_hall_hex, layout_loops_corners, serial_shops, shop
Vaults:1: gammafunk_vaults_ghost_grave, hangedman_vaults_pinch, v_rooms_5,
          vaults_dpeg_diagonal, grunt_vaults_swirl,
          nicolae_vaults_three_branches, nicolae_vaults_angled_halls,
          nicolae_vaults_display_case, nicolae_vaults_sealed_display, v_misc_22,
          vaults_standard_mumra_lines, nicolae_vaults_theta, layout_vaults_ring,
          uniq_aizul
Vaults:2: biasface_vaults_ghost_orc_armoury, v_misc_5,
          hangedman_vaults_capsules, dpeg_vaults_monster_row, vaults_room_pools,
          minmay_crypt_entry_simple_corners, nicolae_vaults_diagonal_hallway_7,
          vaults_dpeg_doors, nicolae_vaults_specimen_jars,
          ontoclasm_vaults_twist, layout_vaults_chaotic_city, serial_shops,
          nicolae_square_shop, uniq_asterion
Vaults:3: v_misc_18, hangedman_vaults_river_flow, nicolae_vaults_angled_halls,
          v_rooms_4, nicolae_vaults_yaktaur_gun_rack, vaults_room_pool,
          vaults_mumra_chevron, hangedman_vaults_stagger, v_alt_pattern_4,
          v_misc_10, serial_ice_g, vaults_mumra_lcd, layout_vaults_omnibox,
          serial_shops, nicolae_shop_crystal
Vaults:4: hangedman_vaults_maws, vaults_room_ringed_pool, v_misc_27,
          ontoclasm_vaults_decontamination, hangedman_vaults_corner_blocks,
          vaults_dpeg_cross, vaults_room_guarded_vault,
          nicolae_vaults_diagonal_hallway_7, layout_vaults_omnigrid
Vaults:5
Depths:1: layout_cave_shapes, enter_ziggurat_f, lemuel_crystal_altar,
          abyss_entry_small_statue_room, grunt_hell_entry_demonic_statue,
          rand_demon_pan_entry_5, kennysheep_cross_room,
          ashenzari_conservatory_becter
Depths:2: evilmike_diamond_2, layout_basic, hellmouth_1,
          minmay_staircase_windowed_small, rand_demon_pan_entry_3,
          abyss_entry_flame_altar, minivault_11
Depths:3: minmay_guarded_unrand_guard, layout_twisted_cross,
          abyss_entry_glasseish, grunt_hell_entry_dis_grunt, minmay_three_doors,
          minmay_staircase_statues_hall_small, minmay_shop_grove
Depths:4: grunt_twist_and_shout, layout_small_grid, pf_coc_iceberg, pan_entry,
          nicolae_uskayaw_suspiria, nicolae_abyss_entry_one_way_or_another,
          roderic_serpentine_path
Pan:      lemuel_hall_of_pain, layout_irregular_city, pan_blood_fountain_small,
          evilmike_mini_pan_pillars_b, layout_basic, uniq_mennas_pan,
          nicolae_pan_giant_door, layout_gridlike, evilmike_cerebov_lava,
          layout_chambers, pan_blood_fountain, grunt_pan_sceptre,
          layout_small_grid, uniq_cerebov, rand_demon_4, layout_basic,
          evilmike_mini_pan_diamond, layout_pan_divisions_a
          [pan_division_quadrant_a2, pan_division_quadrant_a6,
          pan_division_quadrant_a3, pan_division_quadrant_a6,
          pan_division_octagon_box], pan_blood_fountain_small,
          grunt_pan_pentagram, layout_gridlike, uniq_cerebov,
          mnoleg_grunt_wretched_star, layout_grid_shapes,
          gloorx_vloq_grunt_torture_chamber, layout_pan_divisions_a
          [pan_division_quadrant_a4, pan_division_quadrant_a4,
          pan_division_quadrant_a4, pan_division_quadrant_a3,
          pan_division_octagon_empty], pan_blood_fountain_small, lom_lobon,
          layout_irregular_city, grunt_pan_spiral, layout_onion_city,
          uniq_cerebov, regret_index_pan_draining_boxed, layout_pan_divisions_b
          [pan_division_quadrant_b6, pan_division_quadrant_b6,
          pan_division_quadrant_b1, pan_division_quadrant_b1], uniq_cerebov,
          evilmike_holy_pan

Skill      XL: |  1  2  3  4  5  6  7  8  9 10 11 12 13 14 15 16 17 18 19 20 21 22 23 24 25 26 27 |
---------------+----------------------------------------------------------------------------------+-----
Fighting       | 4 8 10 11 12 13 14 15 17 18 | 18.9
Short Blades   | 4 5 |  5.0
Armour         | 6 7 8 9 10 11 12 13 14 16 18 20 | 20.0
Dodging        | 7 8 10 11 12 13 14 16 18 20 | 20.0
Evocations     | 1 3 4 6 7 |  7.9
Long Blades    | 1 6 9 12 13 | 13.6
Shields        | 1 4 11 15 18 19 | 19.1
Invocations    | 4 6 10 12 13 14 15 17 18 24 | 24.5
Throwing       | 10 11 12 13 14 15 | 15.1
Transmutations | 5 13 | 13.4
Spellcasting   | 1 |  1.0
Stealth        | |  2.0

Action                   |  1- 3 |  4- 6 |  7- 9 | 10-12 | 13-15 | 16-18 | 19-21 | 22-24 | 25-27 || total
-------------------------+-------+-------+-------+-------+-------+-------+-------+-------+-------++-------
Melee: Short sword       |    99 |   133 |       |       |       |       |       |       |       ||   232
       Dagger            |       |    54 |   300 |    29 |       |       |       |       |       ||   383
       Unarmed           |       |    10 |       |       |       |       |       |       |       ||    10
       Long sword        |       |       |    16 |   388 |  1013 |   972 |  1353 |       |       ||  3742
       Quick blade       |       |       |       |       |    34 |       |       |       |       ||    34
       Scimitar          |       |       |       |       |       |       |    58 |       |       ||    58
       Eudemon blade     |       |       |       |       |       |       |   212 |  1667 |  2744 ||  4623
       Bite              |       |       |       |       |       |       |       |       |   281 ||   281
 Fire: Hunting sling     |    17 |     4 |       |       |       |       |       |       |       ||    21
Throw: Dart              |       |     4 |     8 |       |     5 |     4 |     3 |     6 |     2 ||    32
       Javelin           |       |       |     3 |       |     2 |       |    21 |    18 |    36 ||    80
       Boomerang         |       |       |       |       |       |   225 |    97 |    21 |   171 ||   514
       Throwing net      |       |       |       |       |       |       |       |       |     2 ||     2
 Cast: Wereblood         |       |       |       |       |       |       |       |       |    18 ||    18
Invok: Divine Shield     |       |       |       |     5 |    10 |    23 |    17 |    17 |    33 ||   105
       Cleansing Flame   |       |       |       |       |    13 |    31 |    26 |    30 |    67 ||   167
       Brand Weapon With |       |       |       |       |       |       |     1 |       |       ||     1
       Summon Divine War |       |       |       |       |       |       |       |     1 |     4 ||     5
Evoke: Wand              |       |       |       |    33 |    12 |    19 |     8 |     5 |    16 ||    93
       Phantom mirror    |       |       |       |       |     1 |       |       |     2 |     2 ||     5
       Lightning rod     |       |       |       |       |     3 |       |     5 |       |       ||     8
       Tin of tremorston |       |       |       |       |     2 |     2 |       |     5 |     6 ||    15
       Box of beasts     |       |       |       |       |       |       |       |     1 |     3 ||     4
  Use: Scroll            |       |     6 |     7 |     5 |    10 |     8 |     5 |    12 |    18 ||    71
       Potion            |       |     1 |       |     2 |       |     9 |     4 |     5 |    31 ||    52
 Stab: Sleeping          |     1 |     2 |       |       |       |       |       |       |       ||     3
Armor: Ring mail         |    30 |    51 |       |       |       |       |       |       |       ||    81
       Scale mail        |       |    14 |       |       |       |       |       |       |       ||    14
       Chain mail        |       |     1 |   125 |   160 |   285 |   295 |   496 |     2 |       ||  1364
       Skin              |       |       |     4 |       |       |       |       |       |       ||     4
       Gold dragon scale |       |       |       |       |       |       |       |   747 |   882 ||  1629
Dodge: Dodged            |    51 |    91 |   152 |   178 |   306 |   333 |   588 |   622 |   993 ||  3314
       Repelled          |       |       |       |       |       |     6 |    17 |    15 |    53 ||    91
Block: Buckler           |       |       |    12 |   275 |   618 |     8 |       |       |       ||   913
       Kite shield       |       |       |       |       |       |   786 |  1044 |  1134 |  2331 ||  5295

Table legend: (Time is in decaauts)
 A = Elapsed time spent in this place.
 B = Non-inter-level travel time spent in this place.
 C = Inter-level travel time spent in this place.
 D = Time resting spent in this place.
 E = Time spent auto-exploring this place.
 F = Levels seen in this place.
 G = Mean time per level.
                   A        B        C        D        E       F      G
               +--------+--------+--------+--------+--------+-----+--------+
         Total |  55423 |  51154 |   4269 |   6743 |  27382 |  64 |  866.0 |
       Dungeon |  16462 |  14745 |   1717 |   2349 |   8895 |  15 | 1097.5 |
        Temple |    261 |    213 |     48 |      0 |    196 |   1 |  261.0 |
          Lair |   5459 |   4831 |    628 |     51 |   3650 |   6 |  909.8 |
         Swamp |   3190 |   2954 |    236 |    432 |   1422 |   4 |  797.5 |
     Snake Pit |   5460 |   5166 |    294 |    751 |   3083 |   4 | 1365.0 |
    Slime Pits |    789 |    737 |     52 |    195 |      0 |   5 |  157.8 |
  Orcish Mines |   1304 |   1175 |    129 |     59 |    658 |   2 |  652.0 |
   Elven Halls |   2757 |   2601 |    156 |     72 |   1593 |   3 |  919.0 |
        Vaults |   7906 |   7272 |    634 |    903 |   4242 |   5 | 1581.2 |
        Depths |   5518 |   5147 |    371 |    662 |   2681 |   4 | 1379.5 |
   Pandemonium |   6023 |   6023 |      0 |   1265 |    835 |  14 |  430.2 |
      Gauntlet |    285 |    285 |      0 |      0 |    123 |   1 |  285.0 |
               +--------+--------+--------+--------+--------+-----+--------+

Top non-repeatable levels by time:
Vaults:4: 2057 daAuts
     D:9: 2044 daAuts
Vaults:2: 1881 daAuts
 Snake:1: 1793 daAuts
Depths:2: 1784 daAuts
Depths:1: 1675 daAuts
Vaults:1: 1671 daAuts
     D:3: 1528 daAuts
    D:10: 1475 daAuts
    D:15: 1328 daAuts
 Snake:3: 1328 daAuts
Vaults:5: 1275 daAuts
  Lair:6: 1246 daAuts
     D:6: 1233 daAuts
     D:5: 1228 daAuts
